Workbook

Sheet GERENCIA
C1: PLAN DE ACCIÓN ESTRATÉGICO
C2: PLANEACIÓN INSTITUCIONAL
A3: FECHA: 2026/01/16 | C3: CÓDIGO: DE-PL-FOR-009 | J3: VERSIÓN: 01 | L3: PÁGINA 1 DE 1
A4: OBJETIVO ESTRATÉGICO GERENCIA
A5: INDEPORTES CAUCA | D5: LÍNEA ESTRATÉGICA : OPORTUNIDADES PARA SOÑAR | F5: SEGUIMIENTO
A6: N° | B6: Objetivo estratégico | C6: Estrategias | E6: Indicadores seguimiento | F6: Responsable | G6: METAS - % DE AVANCE | K6: SEGUIMIENTO
G7: Evidencia / Observaciones frente a las estrategias | H7: Vigencia 20XX | K7: Evidencia de los seguimientos
B8: Gerencia | H8: SEGUIMIENTO 1 33,33% | I8: SEGUIMIENTO 2 33,33% | J8: SEGUIMIENTO 3 33,33% | K8: SEGUIMIENTO 1 - Corte 30 abril Seguimiento Mayo Descripción de la Evidencia | L8: SEGUIMIENTO 2 - Corte 30 de Agosto Seguimiento Septiembre Descripción de la Evidencia | M8: SEGUIMENTO 3 - Corte 15 Diciembre Descripción de la Evidencia
A9: 2 | B9: Promover y generar condiciones para que la población tenga oportunidades en el mejoramiento de sus condiciones sociales a través de la formación de ciudadanos activos, corresponsables y transformadores de sus entornos al incrementar sus niveles educativos con calidad y pertinencia, al tiempo que se mejora el acceso y la atención en salud, la recreación, el deporte y espacios culturales como catalizadores de un bienestar humano equilibrado. | C9: Convenios educativos que faciliten la financiación de estudios de pregrado, promoviendo así, el deporte de alto rendimiento en el departamento del Cauca | E9: Número de insentivos educativos entregados
C10: modernizacion de la infraestructura e implementacion | D10: identificar fuentes de cofinanciacion para apoyo al sector deporte | E10: Número de fuentes de cofinanciación identificadas y accesibles.
D11: Elaborar un plan financiero y un proyecto de inversión para la modernización de la infraestructura tecnológica del instituto. | E11: Porcentaje de avance en la creación del plan financiero y del proyecto de inversión.
C12: Modernizar la infraestructura tecnologica del instituto | D12: Identificar las necesidades técnicas para la mejora de la tecnología empresarial. | E12: Número de necesidades técnicas identificadas y priorizadas.
C13: Estructurar el plan de mantenimiento de la planta fisica del instituto | D13: Sede propia del instituto | E13: Porcentaje de avance del proyecto
D14: Propuesta para la redistribución de la planta organizacional. | E14: Porcentaje de implementación de la nueva estructura organizativa.
C15: estructurar el plan dede medios con todos los departamentos de orden nacional | D15: zonificar la publicidad misional de indeportes | E15: Número de zonas publicitarias implementadas en relación con el plan inicial.
D16: historia de vida de indeportes | E16: Cantidad de eventos o actividades documentadas en la historia.
D17: Desarrollar y optimizar campañas de marketing a través de las redes sociales. | E17: Tasa de interacción (likes, compartidos y comentarios) en las publicaciones de las campañas.
D18: Definir puntos estratégicos para la ubicación de imágenes en vallas publicitarias en el departamento. | E18: Número de ubicaciones identificadas y aprobadas para la instalación de vallas publicitarias.
D19: Implementar publicidad radial, televisiva e impresa para la apertura de nuevos mercados. | E19: Número de campañas publicitarias lanzadas en diferentes medios.
C20: generar alianzas estratefgicas con empresas que generen apoyo y patrocinios a los deportistas | D20: Establecer de una unidad de negocios para Indeportes. | E20: Porcentaje de implementación de la unidad de negocios en relación con el plan establecido.
D21: Establecer acercamientos con empresas del departamento para fomentar el apoyo y patrocinio de deportistas. | E21: Número de empresas contactadas y dispuestas a apoyar el patrocinio de deportistas.
C22: fortalecer las relaciones con los diferentes inder | D22: Facilitar el intercambio de experiencias con otros institutos de deporte | E22: Número de encuentros o talleres realizados con otros institutos para el intercambio de experiencias.
D23: Establecer acercamientos con cada uno de los INDER de los municipios para la realización de actividades, como los intercolegiados. | E23: Número de reuniones o encuentros realizados con los INDER de los municipios.
D24: Ampliar los convenios interinstitucionales para fortalecer las funciones misionales y administrativas del instituto. | E24: Número de nuevos convenios firmados con instituciones relacionadas.
C25: rediseño institucional | D25: Revisar los perfiles de los cargos de los servidores públicos. | E25: Porcentaje de perfiles de cargos revisados y actualizados.
C26: Gestionar y aunar esfuerzos para la construccion o rehabilitación de escenarios deportivos en el departamento del cauca impulsando el bienestar humano | E26: Número de escenarios deportivos construidos o rehabilitados en el departamento del Cauca
C27: Optimizar la gestión y garantizar la disponibilidad de recursos necesarios para el exitoso desarrollo y ejecución de los proyectos del Instituto, asegurando su alineación con los objetivos estratégicos y la sostenibilidad a largo plazo. | E27: Porcentaje de recursos gestionados asignados efectivamente a los proyectos en relación con el presupuesto planificado
H28: =AVERAGE(H9:H27) -> #DIV/0! | I28: =AVERAGE(I9:I27) -> #DIV/0! | J28: =AVERAGE(J9:J27) -> #DIV/0!
H29: =H28+I28+J28 -> #DIV/0!
L32: =(38.08+28.44+59.61+72.64+13.85+43.69)/6 -> 42.718333

Sheet TECNICA 
C1: PLAN DE ACCIÓN ESTRATÉGICO
C2: PLANEACIÓN INSTITUCIONAL
A3: FECHA: 2026/01/16 | C3: CÓDIGO: DE-PL-FOR-009 | L3: VERSIÓN: 01 | N3: PÁGINA 1 DE 1
A4: OBJETIVO ESTRATÉGICO SUBGERENCIA TÉCNICA
A5: =GERENCIA!A5 -> INDEPORTES CAUCA | D5: =GERENCIA!D5 -> LÍNEA ESTRATÉGICA : OPORTUNIDADES PARA SOÑAR | I5: SEGUIMIENTO
A6: N° | B6: Objetivo estratégico | C6: Estrategias | E6: Indicadores seguimiento | F6: METAS PDD | H6: Evidencia / Observaciones frente a las Estrategias | I6: Responsable | J6: METAS - % DE AVANCE | M6: SEGUIMIENTO
F7: Poblacion Venciada Anual | G7: Meta Anual PDD | J7: Vigencia 20XX | M7: Evidencia de los seguimientos
B8: SUBGERENCIA TECNICA | J8: SEGUIMIENTO 1 33,33% | K8: SEGUIMIENTO 2 33,33% | L8: SEGUIMIENTO 3 33,33% | M8: SEGUIMIENTO 1 - Corte 30 abril Seguimiento Mayo Descripción de la Evidencia | N8: SEGUIMIENTO 2 - Corte 30 de Agosto Seguimiento Septiembre Descripción de la Evidencia | O8: SEGUIMENTO 3 - Corte 15 Diciembre Descripción de la Evidencia
A9: 1 | B9: Contribuir al desarrollo social y humano del departamento del Cauca generando mejores condiciones de bienestar a través del fomento de la cultura física y deportiva como disciplina fundamental en la formación y enriquecimiento de las personas y aprovechamiento del tiempo libre. | C9: Fortalecer la viabilicación del programa de fomento | D9: vincular personas a programas y proyectos físicos, deportivos ,recreativos y de turismo deportivo con enfoque étnico, campesino, de género, género diverso, discapacidad y victima. | E9: Personas beneficiadas | F9: 7924 | G9: 7.924 personas vinculadas a programas y proyectos físicos, deportivos ,recreativos y de turismo deportivo con enfoque étnico, campesino, de género, género diverso, discapacidad y victima. | H9: Meta del cuatrenio - Plan de Desarrollo Departamenta 2024 - 2027: meta del plan 122 Matriz MIS | I9: Fomento y Desarrollo
D10: hacer participe a grupos poblacionales en actividades deportivas, recreativas, físicas y de turismo deportivo con enfoque étnico, campesino, de género, género diverso, discapacidad y victima con fines de esparcimiento. | E10: Personas que acceden a servicios deportivos, recreativos y de actividad física | F10: 69099 | G10: 69.099 personas participando en actividades deportivas, recreativas, físicas y de turismo deportivo con enfoque étnico, campesino, de género, género diverso, discapacidad y victima con fines de esparcimiento. | H10: Meta del cuatrenio - Plan de Desarrollo Departamenta 2024 - 2027: meta del plan 123 Matriz MIS | I10: Fomento y Desarrollo
D11: promover y apoyar a los grupos interesados en la participacion de procesos de iniciación, fundamentación y perfeccionamiento en disciplinas formativas con enfoque étnico, campesino, de género, género diverso, discapacidad y victima. | E11: Niños, niñas, adolescentes y jóvenes inscritos en Escuelas Deportivas | F11: 2990 | G11: 2.990 personas participando en procesos de iniciación, fundamentación y perfeccionamiento en disciplinas formativas con enfoque étnico, campesino, de género, género diverso, discapacidad y victima. | H11: Meta del cuatrenio - Plan de Desarrollo Departamenta 2024 - 2027: meta del plan 124 Matriz MIS | I11: Fomento y Desarrollo
A12: 3 | B12: Ser un Instituto incluyente, y reconocido por sus altos logros deportivos a nivel departamental, nacional e internacional, fomentando las buenas prácticas deportivas y recreativas con responsabilidad, disciplina e innovación deportiva, en beneficio de la población Caucana | C12: Fortalecer la viabilicacion del programa de altos logros (competitivo) | D12: 2.344 atletas preparados para competencias de alto rendimiento con enfoque étnico, campesino, de género, género diverso, discapacidad y victima. | E12: Atletas preparados | F12: 2344 | G12: 2.344 atletas preparados para competencias de alto rendimiento con enfoque étnico, campesino, de género, género diverso, discapacidad y victima. | H12: Meta del cuatrenio - Plan de Desarrollo Departamenta 2024 - 2027: meta del plan 125 Matriz MIS | I12: sub. Gerencia tecnica
D13: 406 estímulos económicos o educativos entregados a deportistas de alto rendimiento con enfoque étnico, campesino, de género, género diverso, discapacidad y victima. | E13: Estímulos entregados | F13: 406 | G13: 406 estímulos económicos o educativos entregados a deportistas de alto rendimiento con enfoque étnico, campesino, de género, género diverso, discapacidad y victima. | H13: Meta del cuatrenio - Plan de Desarrollo Departamenta 2024 - 2027: meta del plan 126 Matriz MIS | I13: sub. Gerencia tecnica
D14: 8 capacitaciones en deporte libre de violencias de género, hábitos de salud y salud mental con enfoque étnico, campesino, de género, género diverso, discapacidad y victima dirigidas a deportistas de alto rendimiento, entrenadores, ligas y clubes y equipo de INDEPORTES | E14: Capacitaciones realizadas | F14: 8 | G14: 8 capacitaciones en deporte libre de violencias de género, hábitos de salud y salud mental con enfoque étnico, campesino, de género, género diverso, discapacidad y victima dirigidas a deportistas de alto rendimiento, entrenadores, ligas y clubes y equipo de INDEPORTES | H14: Meta del cuatrenio - Plan de Desarrollo Departamenta 2024 - 2027: meta del plan 127 Matriz MIS | I14: sub. Gerencia tecnica
K15: =AVERAGE(K9:K14) -> #DIV/0! | L15: =AVERAGE(L9:L14) -> #DIV/0! | M15: =AVERAGE(M9:M14) -> #DIV/0!
K16: =SUM(K15:M15) -> #DIV/0!

Sheet ADMINISTRATIVO
C1: PLAN DE ACCIÓN ESTRATÉGICO
C2: PLANEACIÓN INSTITUCIONAL
A3: FECHA: 2026/01/16 | C3: CÓDIGO: DE-PL-FOR-009 | J3: VERSIÓN: 01 | L3: PÁGINA 1 DE 1
A4: OBJETIVO ESTRATÉGICO ADMINISTRATIVO
A5: =GERENCIA!A5 -> INDEPORTES CAUCA | D5: =GERENCIA!D5 -> LÍNEA ESTRATÉGICA : OPORTUNIDADES PARA SOÑAR | F5: SEGUIMIENTO
A6: N° | B6: Objetivo Estrategico | C6: Estrategias | E6: Indicador de Seguimiento | F6: Responsable | G6: METAS - % DE AVANCE | K6: SEGUIMIENTO
G7: Evidencia / Observaciones frente a las estrategias | H7: Vigencia 20XX | K7: Evidencia de los seguimientos
B8: Administrativo | H8: SEGUIMIENTO 1 33,33% | I8: SEGUIMIENTO 2 33,33% | J8: SEGUIMIENTO 3 33,33% | K8: SEGUIMIENTO 1 - Corte 30 abril Seguimiento Mayo Descripción de la Evidencia | L8: SEGUIMIENTO 2 - Corte 30 de Agosto Seguimiento Septiembre Descripción de la Evidencia | M8: SEGUIMENTO 3 - Corte 15 Diciembre Descripción de la Evidencia
A9: 3 | B9: Fortalecer la eficiencia institucional mediante la implementación del Modelo Integrado de Planeación y Gestión (MIPG) | C9: Elaborar documentos de planeación estrategica | E9: Elaborar la estrategia de Rendición de Cuentas y espacios de participacion ciudadana
E10: Elaborar herramientas de seguimiento institucional
E11: Elaborar Informe de resultados de la Medición del Desempeño Institucioanal
E12: Elaborar seguimientos del programa de Transparencia y Etica Publica
C13: Elaborar y aprobar planes institucionales de Talento humano | D13: cumplimiento del decreto 612 de 2018 | E13: Número de activiadades ejecutadas sobre el número de actividades programadas
C14: Generar, transmitir y difundir la información financiera del Instituto en sus diferentes aplicativos (CHIP Contraloria general de la nacion y SIA Observa- SIA contraloria) | E14: Número de reportes oportunos y periodicos reportados
C15: Asegurar la custodia y protección de los bienes de consumo y devolutivos, garantizando su integridad y disponibilidad para su uso adecuado | E15: Realizar inventarios semestrales
C16: Gestionar los procesos jurídicos de la institución para garantizar el cumplimiento normativo, mejorar la gestión legal y optimizar la toma de decisiones. | D16: Gestión Contractual | E16: (Número de contratos efectuados/Numero de contratos solicitados)
D17: reporte y cargue de información precontracual, contractual y poscontractual en las plataformas secop II y sia observa - SIA contraloria | E17: (numero de contratos / numero de informacion reportada oportunamente )
D18: Defensa Judicial | E18: Número de Procesos atendidos oportunamente/ Número de Procesos radicados
G19: =AVERAGE(G9:G18) -> #DIV/0! | H19: =AVERAGE(H9:H18) -> #DIV/0! | I19: =AVERAGE(I9:I18) -> #DIV/0!
G20: =G19 -> #DIV/0!

Sheet CIENCIA Y TECNOLOGIA 
C1: PLAN DE ACCIÓN ESTRATÉGICO
C2: PLANEACIÓN INSTITUCIONAL
A3: FECHA: 2026/01/16 | C3: CÓDIGO: DE-PL-FOR-009 | J3: VERSIÓN: 01 | L3: PÁGINA 1 DE 1
A4: OBJETIVO ESTRATÉGICO CIENCIA Y TECNOLOGÍA
A5: INDEPORTES CAUCA | D5: OBJETIVO ESTRATÉGICO CIENCIA Y TEGNOLOGIA | F5: SEGUIMIENTO
A6: N° | B6: Objetivo estratégico | C6: Estrategias | E6: Indicadores seguimiento | F6: Responsable | G6: METAS - % DE AVANCE | K6: SEGUIMIENTO
G7: Evidencia / Observaciones frente a las estrategias | H7: Vigencia 20XX | K7: Evidencia de los seguimientos
B8: Ciencia y Tecnologia | H8: SEGUIMIENTO 1 33,33% | I8: SEGUIMIENTO 2 33,33% | J8: SEGUIMIENTO 3 33,33% | K8: SEGUIMIENTO 1 - Corte 30 abril Seguimiento Mayo Descripción de la Evidencia | L8: SEGUIMIENTO 2 - Corte 30 de Agosto Seguimiento Septiembre Descripción de la Evidencia | M8: SEGUIMENTO 3 - Corte 15 Diciembre Descripción de la Evidencia
A9: 4 | B9: Mejorar la gestión de las tecnologías de la información y la comunicacion del Instituto. | C9: Mejorar la gestión de las tecnologías de la información y la comunicación | D9: Implementar Sistemas de Información y comunicación del instituto | E9: Número de Sistemas de Información y comunicación implementados para la mejora administrativa
D10: Implementar la Política de gobierno digital | E10: Porcentaje de evaluación de la Política tenieno en cuenta la calificación del Furag
D11: Implementar la Política de seguridad y privacidad de la informacion | E11: numero de equipos licenciados
D12: Implementar los lineamientos de Gobierno Digital en los portales, redes y sistemas que posee INDEPORTES CAUCA | E12: Porcentaje de ejecución del Plan de las Tecnologías PETI
D13: Cumplir con los requerimientos de la matriz de la Política de Transparaencia evaluada por la Procuraduría General de la Nación | E13: Índice de Información y Acceso a la Información ITA
D14: Medir la satisfacción de la ciudadanía con respecto a transparencia y acceso a la información | E14: Porcentaje resultado de la encuesta aplicada
D15: Implementar el módulo de pqrsf en un sistema interno de la Empresa | E15: Disminuir el porcentaje de pqrs no contestadas
D16: Construir, publicar y divulgar documento con los instrumentos de la gestión de la información | E16: Número de documentos publicados actualizados
D17: actualizacion de redes | E17: numero de redes instaladas y mejoramiento de la velocidad
D18: Impartir conocimiento a los funcionarios sobre la Ley de Tranparencia y Acceso a la Información que incluya todos los aspectos del componente 8 de la Política | E18: Número de capacitaciones realizadas
H19: =AVERAGE(H9:H18) -> #DIV/0! | I19: =AVERAGE(I9:I18) -> #DIV/0! | J19: =AVERAGE(J9:J18) -> #DIV/0!
H20: =SUM(H19:J19) -> #DIV/0!

Sheet RESULTADOS
C1: PLAN DE ACCIÓN ESTRATÉGICO
C2: PLANEACIÓN INSTITUCIONAL
A3: FECHA: 2026/01/16 | C3: CÓDIGO: DE-PL-FOR-009 | F3: VERSIÓN: 01 | H3: PÁGINA 1 DE 1
A4: OBJETIVOS ESTRATEGICOS | D4: VIGENCIA 20XX
A5: N° | B5: PROCESO | C5: OBJETIVO | D5: SEGUIMIENTO 1 | E5: SEGUIMIENTO 2 | F5: SEGUIMIENTO 3 | G5: TOTAL , SEGUIMIENTO N°1 | H5: TOTA, SEGUIMIENTO N°2 | I5: TOTAL, SEGUIMIENTO N°3
A6: 1 | B6: Tecnica | C6: 1. Contribuir al desarrollo social y humano del departamento del Cauca generando mejores condiciones de bienestar a través del fomento de la cultura física y deportiva como disciplina fundamental en la formación y enriquecimiento de las personas y aprovechamiento del tiempo libre. | D6: =('TECNICA '!K9+'TECNICA '!K10+'TECNICA '!K11)/3 -> 0 | E6: =('TECNICA '!L9+'TECNICA '!L10+'TECNICA '!L11)/3 -> 0 | F6: =('TECNICA '!M9+'TECNICA '!M10+'TECNICA '!M11)/3 -> 0 | G6: =SUM(D6:F6) -> 0 | H6: =E6+D6 -> 0 | I6: =D6 -> 0
A7: 2 | C7: 2. Ser un Instituto incluyente, y reconocido por sus altos logros deportivos a nivel departamental, nacional e internacional, fomentando las buenas prácticas deportivas y recreativas con responsabilidad, disciplina e innovación deportiva, en beneficio de la población Caucana | D7: =('TECNICA '!K12+'TECNICA '!K13+'TECNICA '!K14)/3 -> 0 | E7: =('TECNICA '!L12+'TECNICA '!L13+'TECNICA '!L14)/3 -> 0 | F7: =('TECNICA '!M12+'TECNICA '!M13+'TECNICA '!M14)/3 -> 0 | G7: =SUM(D7:F7) -> 0 | H7: =E7+D7 -> 0 | I7: =D7 -> 0
A8: 3 | B8: Gerencia | C8: 3. Promover y generar condiciones para que la población tenga oportunidades en el mejoramiento de sus condiciones sociales a través de la formación de ciudadanos activos, corresponsables y transformadores de sus entornos al incrementar sus niveles educativos con calidad y pertinencia, al tiempo que se mejora el acceso y la atención en salud, la recreación, el deporte y espacios culturales como catalizadores de un bienestar humano equilibrado. | D8: =GERENCIA!H28 -> #DIV/0! | E8: =GERENCIA!I28 -> #DIV/0! | F8: =GERENCIA!J28 -> #DIV/0! | G8: =SUM(D8:F8) -> #DIV/0! | H8: =E8+D8 -> #DIV/0! | I8: =D8 -> #DIV/0!
A9: 4 | B9: Administrativo | C9: 4. Fortalecer la eficiencia institucional mediante la implementación del Modelo Integrado de Planeación y Gestión (MIPG) | D9: =ADMINISTRATIVO!G19 -> #DIV/0! | E9: =ADMINISTRATIVO!H19 -> #DIV/0! | F9: =ADMINISTRATIVO!I19 -> #DIV/0! | G9: =SUM(D9:F9) -> #DIV/0! | H9: =E9+D9 -> #DIV/0! | I9: =D9 -> #DIV/0!
A10: 5 | B10: Ciencia y Tecnologia | C10: 5. Mejorar la gestión de las tecnologías de la información y la comunicación del Instituto | D10: ='CIENCIA Y TECNOLOGIA '!H19 -> #DIV/0! | E10: ='CIENCIA Y TECNOLOGIA '!I19 -> #DIV/0! | F10: ='CIENCIA Y TECNOLOGIA '!J19 -> #DIV/0! | G10: =SUM(D10:F10) -> #DIV/0! | H10: =E10+D10 -> #DIV/0! | I10: =D10 -> #DIV/0!
A11: TOTAL, SEGUIMIENTO DE LA VIGENCIA | D11: =AVERAGE(G6:G10) -> #DIV/0! | H11: =AVERAGE(H6:H10) -> #DIV/0! | I11: =AVERAGE(I6:I10) -> #DIV/0!
A13: Porcentaje de calificacion | C13: Se realizan 3 seguimientos en el año, motivo por el cual la calificacion total equivale al 100% y cada periodo corresponderia al 33,33%
A15: Formula | C15: (Resultado del periodo(mensual si es superior al 33,33% /100)* 33,33%
